 Dungeon Crawl Stone Soup version 0.27.1-34-g3ba077fa99 (webtiles) character file.

Game seed: 8781554144836122024

1041 sankara the Chopper (level 8, -1/68 HPs)
             Began as a Minotaur Fighter on Jan 18, 2022.
             Killed by divine providence
             ... invoked by an orc priest
              (13 damage)
             ... on level 6 of the Dungeon.
             The game lasted 00:09:33 (4368 turns).

sankara the Chopper (Minotaur Fighter)              Turns: 4368, Time: 00:09:34

Health: -1/68      AC: 11    Str: 21    XL:     8   Next: 4%
Magic:  0/7        EV:  8    Int:  6    God:
Gold:   196        SH: 10    Dex: 11    Spells: 7/7 levels left

rFire    + + .     SeeInvis .   a - +0 war axe
rCold    x . .     Faith    .   c - +0 kite shield
rNeg     . . .     Spirit   +   g - +1 fire dragon scales
rPois    .         Reflect  .   (helmet restricted)
rElec    .         Harm     .   (no cloak)
rCorr    .         Rampage  .   (no gloves)
Will     .....                  (no boots)
Stlth    ..........             h - amulet of guardian spirit
HPRegen  0.21/turn              (no ring)
MPRegen  0.10/turn              (no ring)

@: no status effects
A: horns 2, retaliatory headbutt
a: no special abilities


You were on level 6 of the Dungeon.
You visited 1 branch of the dungeon, and saw 6 of its levels.

You collected 262 gold pieces.
You spent 66 gold pieces at shops.

Inventory:

Hand Weapons
 a - a +0 war axe (weapon)
Missiles
 e - 110 stones
 f - 4 boomerangs
 i - 3 curare-tipped darts
 l - 30 poisoned darts (quivered)
 r - 15 sling bullets
Armour
 c - a +0 kite shield (worn)
 g - +1 fire dragon scales (worn)
 w - +0 steam dragon scales
Jewellery
 h - an amulet of guardian spirit (around neck)
Wands
 n - a wand of polymorph (13)
 o - a wand of acid (9)
Scrolls
 k - 4 scrolls of identify
 m - a scroll of fog {unknown}
 p - a scroll of acquirement {unknown}
 t - a scroll of teleportation {unknown}
 u - a scroll of amnesia {unknown}
Potions
 b - 3 potions of attraction {unknown}
 d - a potion of might
 j - 3 potions of haste
 q - a potion of ambrosia {unknown}
 s - a potion of magic {unknown}
 v - a potion of flight {unknown}
 x - a potion of resistance {unknown}


   Skills:
 - Level 5.0 Fighting
 * Level 7.5 Axes
 + Level 6.1 Armour
 - Level 3.0 Dodging
 + Level 6.1 Shields


You had 7 spell levels left.
You didn't know any spells.
Your spell library contained the following spells:

 Spells                   Type           Power      Damage    Failure   Level
 Foxfire                  Conj/Fire      0%         2x1d4     99%         1
 Sting                    Tmut/Pois      0%         1d3       99%         1
 Poisonous Vapours        Pois/Air       0%         N/A       100%        2
 Slow                     Hex            0%         N/A       100%        2
 Call Canine Familiar     Summ           0%         N/A       100%        3
 Confusing Touch          Hex            0%         N/A       100%        3
 Conjure Flame            Conj/Fire      0%         6-21      100%        3
 Gell's Gravitas          Tloc           0%         N/A       100%        3
 Inner Flame              Hex/Fire       0%         N/A       100%        3
 Lesser Beckoning         Tloc           0%         N/A       100%        3
 Portal Projectile        Hex/Tloc       0%         N/A       100%        3
 Teleport Other           Tloc           0%         N/A       100%        3
 Vampiric Draining        Necr           0%         2d6       100%        3
 Leda's Liquefaction      Hex/Erth       0%         N/A       100%        4
 Olgreb's Toxic Radiance  Pois           0%         N/A       100%        4


Dungeon Overview and Level Annotations

Branches:
Dungeon (6/15)
 Temple: D:4-7

Altars:
Fedhas

Shops:
D:3 *   D:4 :!=


Innate Abilities, Weirdness & Mutations

You have a pair of horns on your head.
You reflexively headbutt those who attack you in melee.


Message History

Beogh smites you! The orc hits you but does no damage.
You slash the orc!
You kill the orc!
The orc priest closely misses you.
Things that are here:
a +0 dagger; a +0 chain mail You barely miss the orc priest.
You closely miss the orc warrior.
The orc warrior hits you with a +0 hand axe!
The orc priest hits you with a +0 flail!
You block the orc warrior's attack. You block the orc priest's attack.
You barely miss the orc priest. Your headbutt misses the orc priest.
You hit the orc warrior.
The orc warrior hits you with a +0 hand axe!
You block the orc priest's attack.
You are too injured to fight recklessly!
You are too injured to fight recklessly!
You are too injured to fight recklessly!
You hit the orc priest.
The orc priest is moderately wounded.
You barely miss the orc warrior.
The orc warrior hits you but does no damage.
The orc priest invokes the aid of Beogh against you.
Beogh smites you!
* * * LOW HITPOINT WARNING * * *
You slash the orc priest!
The orc priest is severely wounded.
You hit the orc warrior but do no damage.
The orc warrior hits you with a +0 hand axe.
* * * LOW HITPOINT WARNING * * *
The orc priest calls upon Beogh to heal the orc warrior.
The orc warrior's wounds heal themselves!
The orc priest barely misses you.
The orc warrior hits you with a +0 hand axe.
* * * LOW HITPOINT WARNING * * *
You barely miss the orc priest. Your headbutt misses the orc priest.
The orc priest is severely wounded.
Found 12 gold pieces.
The orc priest calls down the wrath of Beogh upon you.
Beogh smites you!
You die...

.. ..........
#..##......#..
#..#......#...
.....#..#.... ###
.....#$.[.... # #..
##............
#..#.##...##........
#$..@.o.###o.......
#...##...#.####....
#### ##..o.##......
##.......# ##†.....#
##.....## #.....##
#.##...# #
#..####.#.


You could see an orc warrior and an orc priest.

Vanquished Creatures
  A steam dragon (D:5)
  A water moccasin (D:5)
  Duvessa (D:5)
  A sky beast (D:6)
  A phantom (D:6)
  Dowan (D:5)
  A bullfrog (D:6)
  A scorpion (D:4)
  A water moccasin skeleton (D:4)
  A hound (D:4)
  A jelly (D:6)
  2 bullfrog skeletons (D:5)
  2 iguanas
  3 gnolls
  3 adders
  2 worms (D:3)
  2 dart slugs (D:3)
  5 orcs
  6 ball pythons
  7 endoplasms
  A giant cockroach (D:1)
  5 goblins
  5 hobgoblins
  3 jackals (D:1)
  6 quokkas
  6 bats
  6 frilled lizards
  13 kobolds
  2 rats
90 creatures vanquished.

Notes
Turn   | Place    | Note
-------+----------+-------------------------------------------
     0 | D:1      | sankara the Minotaur Fighter began the quest for the Orb.
     0 | D:1      | Reached XP level 1. HP: 19/19 MP: 0/0
    56 | D:1      | Reached XP level 2. HP: 23/26 MP: 1/1
    61 | D:1      | Reached skill level 3 in Axes
   842 | D:2      | Reached XP level 3. HP: 31/31 MP: 2/2
  1154 | D:2      | Found a faded altar of an unknown god.
  1321 | D:3      | Found Sisawygi's Assorted Antiques.
  1329 | D:3      | Bought a scroll labelled MISUON PAWN for 22 gold pieces
  1329 | D:3      | Bought a scroll labelled UJAEZX ODU QIN for 22 gold pieces
  1329 | D:3      | Bought a scroll labelled LOMMESH QAGO for 22 gold pieces
  1526 | D:3      | HP: 1/31 [gnoll (10)]
  1536 | D:2      | Reached skill level 4 in Axes
  1837 | D:2      | Reached XP level 4. HP: 33/39 MP: 3/3
  2468 | D:4      | Noticed a scorpion
  2473 | D:4      | Killed a scorpion
  2474 | D:4      | Reached skill level 5 in Axes
  2474 | D:4      | Reached XP level 5. HP: 30/45 MP: 4/4
  2654 | D:4      | Found Iskosh's Book Boutique.
  2695 | D:4      | Reached skill level 5 in Shields
  2735 | D:4      | Found a blossoming altar of Fedhas.
  2785 | D:4      | Reached skill level 5 in Armour
  2810 | D:4      | Reached XP level 6. HP: 50/52 MP: 5/5
  2827 | D:4      | Reached skill level 1 in Dodging
  2966 | D:4      | Found Peacoumif's Distillery.
  3162 | D:4      | Found Qiawky's Jewellery Shoppe.
  3223 | D:5      | Entered Level 5 of the Dungeon
  3300 | D:5      | Noticed Duvessa
  3300 | D:5      | Noticed Dowan
  3319 | D:5      | Killed Duvessa
  3320 | D:5      | Reached skill level 6 in Axes
  3326 | D:5      | Killed Dowan
  3601 | D:5      | Reached XP level 7. HP: 60/60 MP: 6/6
  4144 | D:5      | Noticed a steam dragon
  4155 | D:5      | Killed a steam dragon
  4267 | D:6      | Reached skill level 5 in Fighting
  4267 | D:6      | Reached skill level 7 in Axes
  4320 | D:6      | Reached XP level 8. HP: 64/68 MP: 5/7
  4368 | D:6      | Killed from afar by an orc priest

Illustrated notes

Levels and vault maps discovered:
D:1:      dpeg_arrival_round_c, layout_basic
D:2:      layout_rooms, ebering_ecumenical_altar_mist
D:3:      layout_basic, serial_shops, shop, chequers_hall_statues_wall_a,
          amcnicky_mini_corridor_feature
D:4:      layout_cave_pools, fedhas_ov_isle_minmay, serial_shops,
          nicolae_lakefront_shop, shop, nicolae_shop_behind_doors
D:5:      layout_basic, kennysheep_nub, uniq_duvessa
D:6:      layout_layer_cave, minmay_temple_entry_tees, serial_shops,
          nicolae_square_shop

Skill      XL: |  1  2  3  4  5  6  7 |
---------------+----------------------+-----
Axes           | 3 4 5 6 7 |  7.5
Armour         | 4 5 6 |  6.1
Shields        | 4 5 6 |  6.1
Fighting       | 4 5 |  5.0
Dodging        | 2 3 |  3.0

Action                   |  1- 3 |  4- 6 |  7- 9 || total
-------------------------+-------+-------+-------++-------
Melee: War axe           |   113 |    88 |    44 ||   245
       Headbutt          |    14 |    21 |     7 ||    42
Throw: Dart              |     1 |       |       ||     1
  Use: Scroll            |     6 |       |       ||     6
Armor: Scale mail        |    47 |       |       ||    47
       Fire dragon scale |    29 |    44 |    21 ||    94
Dodge: Dodged            |    42 |    21 |    12 ||    75
Block: Kite shield       |    65 |    38 |    23 ||   126
